 Dungeon Crawl Stone Soup version 0.19-a0-1320-g0178847 (webtiles) character file.

3175 Amnesiac the Grappler (level 9, -3/89 HPs)
             Began as a Troll Berserker on Aug 31, 2016.
             Was a Priest of Trog.
             Slain by a yak (11 damage)
             ... on level 1 of the Lair of Beasts.
             The game lasted 00:05:45 (2127 turns).

Amnesiac the Grappler (Troll Berserker)             Turns: 2127, Time: 00:05:45

Health: -3/89      AC:  6    Str: 27    XL:     9   Next: 63%
Magic:  17/17      EV: 12    Int:  3    God:    Trog [***...]
Gold:   89         SH:  0    Dex: 12    Spells: 0 memorised, 8 levels left

rFire  . . .     SeeInvis .       - Unarmed
rCold  + + +     Gourm    +     c - +1 robe "Aliovy" {*Drain rPois rC++ MP+9}
rNeg   . . .     Faith    .     (no shield)
rPois  +         Spirit   .     i - +0 hat
rElec  .         Dismiss  .     (no cloak)
rCorr  .         Reflect  .     (gloves unavailable)
MR     .....     Harm     .     (boots unavailable)
Stlth  +.........               (no amulet)
                                (no ring)
                                t - ring of protection from cold

@: no status effects
A: unfitting armour, claws 3, fast metabolism 3, gourmand, regeneration 1,
shaggy fur 1, tough skin 2
a: Berserk, Trog's Hand, Burn Spellbooks, Renounce Religion


You were on level 1 of the Lair of Beasts.
You worshipped Trog.
Trog was most pleased with you.
You were very full.

You visited 2 branches of the dungeon, and saw 10 of its levels.

You collected 89 gold pieces.

Inventory:

Armour
 c - the +1 robe "Aliovy" (worn) {*Drain rPois rC++ MP+9}
   (You found it on level 8 of the Dungeon)

   It greatly protects you from cold.
   It protects you from poison.
   It affects your magic capacity (+9).
   It causes draining when unequipped.
 i - a +0 hat (worn)
Jewellery
 t - a ring of protection from cold (left claw)
Scrolls
 a - 3 scrolls of magic mapping {unknown}
 g - 4 scrolls of identify
 h - 2 scrolls of enchant weapon {unknown}
 k - a scroll of immolation {unknown}
 l - a scroll of enchant armour {unknown}
 n - a scroll of remove curse
 o - a scroll of teleportation
 r - a scroll of fog {unknown}
 y - a scroll of noise {unknown}
Potions
 e - a potion of berserk rage {unknown}
 f - a potion of resistance {unknown}
 j - 3 potions of flight {unknown}
 m - 2 potions of brilliance {unknown}
 p - a potion of heal wounds {unknown}
 q - a potion of curing
 s - 2 potions of might {unknown}
 u - a potion of agility {unknown}
Books
 w - a Young Poisoner's Handbook

   Spells                             Type                      Level
   a - Sting                          Conjuration/Poison           1
   b - Mephitic Cloud                 Conjuration/Poison/Air       3
   c - Olgreb's Toxic Radiance        Poison                       4
   d - Alistair's Intoxication        Transmutation/Poison         5
   e - Venom Bolt                     Conjuration/Poison           5
   Trog disapproves of the use of such an item.
Comestibles
 b - 6 bread rations
 d - a slice of pizza
 x - 6 fruits


   Skills:
 + Level 6.1 Fighting
 + Level 6.2 Dodging
 * Level 10.1 Unarmed Combat


You had 8 spell levels left.
You didn't know any spells.

Dungeon Overview and Level Annotations

Branches:
Dungeon (8/15)             Temple (0/1) D:5            Lair (2/6) D:8
  Swamp: Lair:2-4    Shoals: Lair:2-4     Snake: Lair:2-4    Spider: Lair:2-4

Altars:
Gozag
Hepliaklqana
Kikubaaqudgha
Sif Muna
Trog
The Shining One

Shops:
D:8 :

Annotations:
Lair:1 exclusion: hydra
Lair:2 Sonja


Innate Abilities, Weirdness & Mutations

You are too large for most types of armour.
You have claws for hands.
Your metabolism is lightning-fast.
You like to eat raw meat.
Your natural rate of healing is unusually fast.
You are covered in fur. (AC +1)
You have very tough skin. (AC +2)


Message History

You scratch the iguana but do no damage.
The iguana barely misses you.
You mangle the iguana!!
You kill the iguana!
Trog accepts your kill.
You barely miss the yak.
The yak is moderately wounded.
The yak barely misses you.
You scratch the yak but do no damage.
The yak is moderately wounded.
The yak gores you!
* * * LOW HITPOINT WARNING * * *
You claw the yak!
The yak is heavily wounded.
The yak gores you!
* * * LOW HITPOINT WARNING * * *
You claw the yak!
The yak is almost dead.
The yak gores you!
You die...

.##................##..###.......
...................##..####......
..#...##.#'##+.##..##....##....##
......#.........#..##....##....#
..#...PP...........##....##....#
..#.............#..##..........#
..#................#P....#.....#
..#...#.........#..#P.|..##....#
###...##.#.#####@..##.....#....##
...............Y...##P##.##....##
...................#####.#.......
.................................
.................................
.................................
.................................
##....#.###+####....#######......
##....#.........#...# # #......


You could see a yak.

Vanquished Creatures
  A spiny frog (Lair:1)
  A komodo dragon (D:8)
  8 yaks
  2 hippogriffs (D:8)
  An orc warrior (D:8)
  An ice beast (D:8)
  A sky beast (D:7)
  4 ogres
  2 crocodiles (Lair:1)
  Blork the orc (D:4)
  3 killer bees (D:8)
  A crimson imp (D:6)
  An orc priest (D:7)
  2 giant frog skeletons (D:7)
  An iguana (Lair:1)
  2 orc wizards (D:8)
  A hound skeleton (D:5)
  3 gnolls (D:4)
  3 adders
  An adder skeleton (D:6)
  A worm (D:2)
  2 dart slugs
  A giant gecko (D:7)
  8 orcs
  4 bats
  2 giant cockroaches
  5 goblins
  5 hobgoblins
  17 jackals
  2 kobolds
  A giant newt (D:2)
  2 rats
90 creatures vanquished.

Vanquished Creatures (others)
  A wizard (D:7)
  A plant (D:8)
2 creatures vanquished.

Grand Total: 92 creatures vanquished

Notes
Turn   | Place    | Note
-------+----------+-------------------------------------------
     0 | D:1      | Amnesiac the Troll Berserker began the quest for the Orb.
     0 | D:1      | Reached XP level 1. HP: 22/22 MP: 0/0
    23 | D:1      | Reached XP level 2. HP: 25/29 MP: 1/1
   278 | D:2      | Reached ** piety under Trog
   278 | D:2      | Reached XP level 3. HP: 36/36 MP: 2/2
   384 | D:3      | Found an opulent altar of Gozag.
   384 | D:3      | Found a glowing golden altar of the Shining One.
   548 | D:4      | Noticed Blork the orc
   575 | D:4      | Killed Blork the orc
   575 | D:4      | Reached skill level 4 in Unarmed Combat
   575 | D:4      | Reached XP level 4. HP: 26/45 MP: 3/3
   640 | D:4      | Reached XP level 5. HP: 47/53 MP: 4/4
   709 | D:5      | Entered Level 5 of the Dungeon
   712 | D:5      | Found a staircase to the Ecumenical Temple.
   771 | D:5      | Found an ancient bone altar of Kikubaaqudgha.
   829 | D:6      | Reached skill level 5 in Unarmed Combat
   908 | D:6      | Found a hazy altar of Hepliaklqana.
   964 | D:7      | Found a bloodstained altar of Trog.
  1014 | D:7      | Noticed a wizard
  1019 | D:7      | Killed a wizard
  1048 | D:7      | Noticed an ogre
  1054 | D:7      | Killed an ogre
  1054 | D:7      | Reached XP level 6. HP: 61/61 MP: 5/5
  1124 | D:7      | Noticed a sky beast
  1132 | D:7      | Killed a sky beast
  1132 | D:7      | Reached skill level 6 in Unarmed Combat
  1148 | D:8      | Noticed an orc warrior
  1161 | D:8      | Killed an orc warrior
  1161 | D:8      | Reached XP level 7. HP: 65/68 MP: 6/6
  1190 | D:8      | Found a deep blue altar of Sif Muna.
  1209 | D:8      | Reached *** piety under Trog
  1294 | D:8      | Noticed a yak
  1295 | D:8      | Noticed a yak
  1298 | D:8      | Noticed a yak
  1298 | D:8      | Noticed a yak
  1299 | D:8      | Noticed a yak
  1299 | D:8      | Noticed a yak
  1305 | D:8      | Killed a yak
  1309 | D:8      | Killed a yak
  1309 | D:8      | Reached skill level 7 in Unarmed Combat
  1314 | D:8      | Killed a yak
  1314 | D:8      | Reached XP level 8. HP: 67/79 MP: 7/7
  1382 | D:8      | Reached skill level 8 in Unarmed Combat
  1484 | D:8      | Got a slimy robe
  1495 | D:8      | Identified the +1 robe "Aliovy" {*Drain rPois rC++ MP+9} (You found it on level 8 of the Dungeon)
  1509 | D:8      | Reached skill level 5 in Dodging
  1560 | D:8      | Found Wotaypnu's Book Shop.
  1598 | D:8      | Reached skill level 5 in Fighting
  1701 | D:8      | Found a staircase to the Lair.
  1702 | D:8      | Noticed a komodo dragon
  1729 | D:8      | Killed a komodo dragon
  1729 | D:8      | Reached skill level 9 in Unarmed Combat
  1729 | D:8      | Reached XP level 9. HP: 86/88 MP: 8/8
  1761 | Lair:1   | Entered Level 1 of the Lair of Beasts
  1930 | Lair:2   | Noticed Sonja
  1930 | Lair:2   | Noticed a seven-headed hydra
  1933 | Lair:1   | Noticed a spiny frog
  1941 | Lair:1   | Killed a spiny frog
  1982 | Lair:1   | Noticed a five-headed hydra
  2073 | Lair:1   | Reached skill level 10 in Unarmed Combat
  2102 | Lair:1   | HP: 4/89 [yak (13)]
  2127 | Lair:1   | Slain by a yak

Vault maps used:
D:1:      minmay_arrival_three_doors, minivault_24
D:2:      lemuel_crystal_altar, lemuel_coloured_pillars_altar, first_bread
D:3:      nicolae_overflow_crystal_walls, nicolae_overflow_hidden_temple
D:4:      kennysheep_mini_moat, uniq_blork_the_orc
D:5:      lemuel_doored_altar, hangedman_abyss_or_decor_passed, fedhas_altar_3
D:6:      lemuel_crystal_altar, basic_altar, nicolae_gozag_seed_capital
D:7:      gammafunk_temple_overflow_claw, trog_wizard
D:8:      kennysheep_orc_sif_temple, david_lair_shrubbed, special_room,
          serial_shops, kennysheep_mini
Lair:2:   beast_lair_carwin_large_2, uniq_sonja

Skill      XL: |  1  2  3  4  5  6  7  8  9 |
---------------+----------------------------+-----
Fighting       | 3 4 5 6 |  6.1
Dodging        | 3 4 5 6 |  6.2
Unarmed Combat | 4 5 6 7 9 10 | 10.1

Action                   |  1- 3 |  4- 6 |  7- 9 || total
-------------------------+-------+-------+-------++-------
Melee: Unarmed           |    85 |    92 |   113 ||   290
       Punch             |       |     1 |     3 ||     4
Invok: Berserk           |     1 |     2 |     4 ||     7
  Use: Scroll            |       |     3 |     1 ||     4
 Stab: Sleeping          |     1 |       |       ||     1
  Eat: Chunk             |    11 |     7 |    13 ||    31
Armor: Animal skin       |    32 |    21 |    22 ||    75
       Robe              |       |       |     4 ||     4
Dodge: Dodged            |    36 |    35 |    42 ||   113
